 Dungeon Crawl Stone Soup version 0.27-a0-202-gdcb3803577 (webtiles) character file.

Game seed: 17602390479177156190

44 Astera the Skirmisher (level 3, 0/30 HPs)
             Began as a Demonspawn Abyssal Knight on Jan 30, 2021.
             Was a Follower of Lugonu.
             Succumbed to an adder's poison
             ... on level 2 of the Dungeon.
             The game lasted 00:03:24 (1303 turns).

Astera the Skirmisher (Demonspawn Abyssal Knight)   Turns: 1303, Time: 00:03:25

Health: 0/30       AC:  3    Str: 13    XL:     3   Next: 41%
Magic:  4/4        EV: 11    Int: 13    God:    Lugonu [*.....]
Gold:   58         SH:  0    Dex: 12    Spells: 2/2 levels left

rFire    . . .     SeeInvis .   a - +1 mace
rCold    . . .     Faith    .   (no shield)
rNeg     . . .     Spirit   .   b - +0 leather armour
rPois    .         Reflect  .   (no helmet)
rElec    .         Harm     .   (no cloak)
rCorr    .         Rampage  .   (no gloves)
Will     .....                  (no boots)
Stlth    +.........             (no amulet)
HPRegen  0.10/turn              (no ring)
MPRegen  0.09/turn              (no ring)

@: lethally poisoned (0 -> -10)
A: powered by pain 1
a: Renounce Religion, Depart the Abyss


You were on level 2 of the Dungeon.
You worshipped Lugonu.
Lugonu was aware of your devotion.
You visited 1 branch of the dungeon, and saw 2 of its levels.
You visited the Abyss 1 time.

You collected 58 gold pieces.

Inventory:

Hand Weapons
 a - a +1 mace (weapon)
Armour
 b - a +0 leather armour (worn)
Jewellery
 i - an uncursed ring of resist corrosion {unknown}
Wands
 n - a wand of mindburst (11)
Scrolls
 c - 8 scrolls of teleportation {unknown}
 e - a scroll of amnesia {unknown}
 f - a scroll of remove curse {unknown}
 g - 2 scrolls of immolation {unknown}
 h - 2 scrolls of identify {unknown}
 m - a scroll of magic mapping {unknown}
Potions
 d - a potion of curing {unknown}
 j - a potion of lignification {unknown}
 k - a potion of flight {unknown}
 l - a potion of mutation {unknown}
 o - a potion of heal wounds {unknown}


   Skills:
 + Level 4.0 Fighting
 + Level 2.0 Maces & Flails
 + Level 2.0 Armour
 + Level 1.4 Dodging
 + Level 2.4 Invocations


You had 2 spell levels left.
You didn't know any spells.
Your spell library was empty.

Dungeon Overview and Level Annotations

Branches:
Dungeon (2/15)

Altars:
Sif Muna


Innate Abilities, Weirdness & Mutations

You sometimes gain a little power by taking damage.


Message History

You feel sick.
You hit the adder.
The adder is severely wounded.
* * * LOW HITPOINT WARNING * * *
You feel sick. The adder barely misses you. The adder closely misses you.
You barely miss the adder.
The adder is severely wounded.
* * * LOW HITPOINT WARNING * * *
You feel sick. The adder bites you.
* * * LOW HITPOINT WARNING * * *
The adder bites you.
* * * LOW HITPOINT WARNING * * *
You are more poisoned.
The adder poisons you!
You miss the adder.
The adder is heavily wounded.
* * * LOW HITPOINT WARNING * * *
You feel sick. The adder closely misses you. The adder completely misses you.
You die...

#......#.....### ### #.#
######......##..# .# #.#
##.###.##...#.####.## #.#
#..#.#...#.....# #.#
#.###.#$####...# #.#
#.##...#.# #.#.#
#.###.##.#.S.###.#.#
#.##...#..#..##....#
#.#.#.###.@###.....#
#.#.....##.##......#
###.#.#.#.....##.....#
#...#.....###.###....####
#####.###.....# #...........#
............#.###.####...##.#
#####.########...## #.####.#
#.# ##.## ###.####.#
#.#########.# #....<##.#


You could see an adder.

Vanquished Creatures
  2 adders (D:2)
  An ooze (D:1)
  A worm (D:2)
  4 bats (D:2)
  A giant cockroach (D:2)
  4 goblins
  3 hobgoblins
  A kobold (D:2)
  2 rats (D:1)
19 creatures vanquished.

Notes
Turn   | Place    | Note
-------+----------+-------------------------------------------
     0 | Abyss:1  | Astera the Demonspawn Abyssal Knight began the quest for
                  | the Orb.
     0 | Abyss:1  | Reached XP level 1. HP: 18/18 MP: 2/2
     9 | D:1      | Escaped the Abyss
   367 | D:1      | Gained mutation: You sometimes gain a little power by
                  | taking damage. [demonic ancestry]
   367 | D:1      | Reached XP level 2. HP: 19/24 MP: 3/3
   781 | D:2      | Found a shimmering blue altar of Sif Muna.
   810 | D:2      | Reached skill level 4 in Fighting
   815 | D:2      | Reached XP level 3. HP: 30/30 MP: 4/4
   845 | D:2      | Reached skill level 1 in Dodging
  1129 | D:2      | Reached ** piety under Lugonu
  1301 | D:2      | HP: 1/30 [poisoned by an adder]
  1303 | D:2      | Succumbed to an adder's poison

Illustrated notes

Levels and vault maps discovered:
D:1:      scummos_arrival_simple_fountains, layout_rooms
D:2:      layout_loops_ring, lemuel_crystal_altar, marbit_many_paths,
          nicolae_overflow_hidden_temple, minmay_vboxes

Skill      XL: |  1  2  3 |
---------------+----------+-----
Fighting       | 4 |  4.0
Maces & Flails | 2 |  2.0
Armour         | 2 |  2.0
Dodging        | 1 |  1.4
Invocations    | |  2.4

Action                   || total
-------------------------++-------
Melee: Mace              ||    68
Armor: Leather armour    ||    28
Dodge: Dodged            ||    67

Table legend: (Time is in decaauts)
 A = Elapsed time spent in this place.
 B = Non-inter-level travel time spent in this place.
 C = Inter-level travel time spent in this place.
 D = Time resting spent in this place.
 E = Time spent auto-exploring this place.
 F = Levels seen in this place.
 G = Mean time per level.
                   A        B        C        D        E       F      G
               +--------+--------+--------+--------+--------+-----+--------+
         Total |   1323 |   1299 |     24 |     78 |   1005 |   3 |  441.0 |
       Dungeon |   1314 |   1290 |     24 |     78 |   1005 |   2 |  657.0 |
         Abyss |      9 |      9 |      0 |      0 |      0 |   1 |    9.0 |
               +--------+--------+--------+--------+--------+-----+--------+

Top non-repeatable levels by time:
     D:2: 819 daAuts
     D:1: 494 daAuts
 Abyss:1: 9 daAuts
